 Dungeon Crawl Stone Soup version 0.27.1 (webtiles) character file.

Game seed: 10764758129821620335

73 Atelerd the Digger (level 4, -3/27 HPs)
             Began as an Octopode Earth Elementalist on Sept 4, 2021.
             Slain by a hound (5 damage)
             ... on level 4 of the Dungeon.
             The game lasted 00:03:55 (2791 turns).

Atelerd the Digger (Octopode Earth Elementalist)    Turns: 2791, Time: 00:03:55

Health: -3/27      AC:  1    Str: 11 (13) XL:     4   Next: 27%
Magic:  0/8        EV: 13    Int: 16 (18) God:
Gold:   173        SH:  0    Dex: 11 (12) Spells: 7/8 levels left

rFire    . . .     SeeInvis +   p - +0 dagger (protect)
rCold    . . .     Faith    .   (no shield)
rNeg     . . .     Spirit   .   (helmet restricted)
rPois    .         Reflect  .   (no amulet)
rElec    .         Harm     .   l - ring of see invisible
rCorr    .         Rampage  .   o - +6 ring of strength
Will     .....                  (no ring)
Stlth    ++........             (no ring)
HPRegen  0.09/turn              (no ring)
MPRegen  0.11/turn              (no ring)
                                (no ring)
                                (no ring)

@: confused
A: almost no armour, amphibious, 8 rings, camouflage 1, gelatinous body 1,
(nimble swimmer 1), tentacles
a: no special abilities


You were on level 4 of the Dungeon.
You visited 1 branch of the dungeon, and saw 4 of its levels.

You collected 173 gold pieces.

Inventory:

Hand Weapons
 k - a +0 dagger
 p - a +0 dagger of protection (weapon)
Missiles
 b - 7 stones
Jewellery
 l - a ring of see invisible (left tentacle)
 o - a +6 ring of strength (right tentacle)
Scrolls
 c - a scroll of immolation
 e - a scroll of blinking {unknown}
 h - 3 scrolls of enchant weapon
 m - a scroll of enchant armour
 q - a scroll of torment
Potions
 n - 2 potions of haste


   Skills:
 - Level 2.0 Dodging
 - Level 2.6 Stealth
 + Level 2.9 Spellcasting
 + Level 2.3 Transmutations
 + Level 3.7 Earth Magic


You had 7 spell levels left.
You knew the following spells:

 Your Spells              Type           Power      Damage    Failure   Level
a - Sandblast             Erth           28%        2d8       4%          1

Your spell library contained the following spells:

 Spells                   Type           Power      Damage    Failure   Level
 Passwall                 Tmut/Erth      10%        N/A       9%          2
 Stone Arrow              Conj/Erth      16%        3d8       26%         3
 Petrify                  Tmut/Erth      12%        N/A       47%         4
 Gell's Gravitas          Tloc           1%         N/A       50%         3
 Lesser Beckoning         Tloc           1%         N/A       50%         3
 Teleport Other           Tloc           2%         N/A       50%         3


Dungeon Overview and Level Annotations

Branches:
Dungeon (4/15)
 Temple: D:4-7

Altars:
Qazlal


Innate Abilities, Weirdness & Mutations

You cannot wear most types of armour.
You are amphibious.
You can wear up to eight rings at the same time.
Your skin changes colour to match your surroundings (Stealth+).
Your rubbery body absorbs attacks. (AC +1, EV +1)
((You are camouflaged near water. (Stealth+)))
You have tentacles for arms and can constrict up to eight enemies at once.


Message History

The orc priest hits you but does no damage.
The hound bites you but does no damage.
The orc wizard hits you with a +0 dagger.
* * * LOW HITPOINT WARNING * * *
Unknown command.
You hit the orc priest.
The orc priest is severely wounded.
The hound bites you but does no damage.
The orc priest hits you but does no damage.
The orc wizard hits you but does no damage.
Unknown command.
Unknown command.
Unknown command.
Casting: Sandblast (safe; 4% risk of failure)
Confirm with . or Enter, or press ? or * to list all spells.
Aiming: Sandblast (safe; 4% risk of failure)
Press: ? - help, Shift-Dir - straight line, f/p - orc priest
Aim: an orc priest, wielding a +0 club and wearing a +0 chain mail (severely wounded, 85% to hit)
The blast of sand misses the orc priest.
The blast of sand hits the orc wizard.
The orc wizard is lightly wounded.
The hound bites you but does no damage.
The orc priest hits you but does no damage.
The hound bites you but does no damage. The orc wizard casts a spell at you.
You are confused.
Unknown command.
Unknown command.
Unknown command.
You barely miss the orc priest.
The orc priest is severely wounded.
You feel less wooden. The hound bites you but does no damage.
The orc priest barely misses you.
The orc wizard hits you but does no damage.
Unknown command.
The orc priest calls upon Beogh to heal the orc wizard.
The orc wizard's wounds heal themselves!
The hound barely misses you.
You're too confused to move!
The hound bites you.
You die...

#. .#.. #.## .#..#
#..# ....# #..#
..#.# $ ..# ......
.#### #.# ..#.#
..... #.####J..#
.....##...@hoo#
........##.#o......
........+..#..#.#.#
##.##...##.#......
#. #...##.#..#.. .
#.##...####.......
#.....<+ .##.#.#..
#......# .# ... ..
#......# .# #


You could see a hound, an orc priest, 2 orc wizards and an endoplasm.

Vanquished Creatures
  An adder (D:2)
  A dart slug (D:3)
  3 orcs
  5 ball pythons
  7 bats
  7 endoplasms
  2 giant cockroaches
  4 goblins
  8 hobgoblins
  3 quokkas
  4 frilled lizards
  4 kobolds
  8 rats
57 creatures vanquished.

Notes
Turn   | Place    | Note
-------+----------+-------------------------------------------
     0 | D:1      | Atelerd the Octopode Earth Elementalist began the quest for
                  | the Orb.
     0 | D:1      | Reached XP level 1. HP: 11/11 MP: 3/3
   452 | D:1      | Found a faded altar of an unknown god.
   458 | D:1      | Reached XP level 2. HP: 17/17 MP: 3/5
  1077 | D:2      | Reached XP level 3. HP: 18/21 MP: 2/6
  2025 | D:3      | Found a stormy altar of Qazlal.
  2131 | D:3      | Reached XP level 4. HP: 27/27 MP: 8/8
  2791 | D:4      | Slain by a hound

Illustrated notes

Levels and vault maps discovered:
D:1:      minmay_arrival_cross, layout_basic, dreamdust_ecumenical_altar_grove
D:2:      layout_basic, hangedman_feature_mirror
D:3:      layout_basic, grunt_qazlal_clouds, due_unseen_surprise
D:4:      layout_basic, gup_sewer_entry_pipe, hangedman_decor_riveting,
          minmay_pentangle

Skill      XL: |  1  2  3 |
---------------+----------+-----
Transmutations | 2 |  2.3
Dodging        | |  2.0
Stealth        | |  2.6
Spellcasting   | |  2.9
Earth Magic    | |  3.7

Action                   |  1- 3 |  4- 6 || total
-------------------------+-------+-------++-------
Melee: Unarmed           |    17 |       ||    17
       Constrict         |    11 |     6 ||    17
       Dagger            |    27 |    53 ||    80
       Tentacles         |     4 |     5 ||     9
 Cast: Sandblast         |    36 |    17 ||    53
  Use: Potion            |       |     6 ||     6
       Scroll            |       |     4 ||     4
 Stab: Sleeping          |     7 |     4 ||    11
Armor: Skin              |     5 |   121 ||   126
Dodge: Dodged            |    49 |    29 ||    78
